 Dungeon Crawl Stone Soup version 0.17-a0-1909-g0b14330 (webtiles) character file.

72747 Kusio the Bludgeoner (level 15, -7/175 HPs)
             Began as an Ogre Berserker on Sept 25, 2015.
             Was the Champion of Trog.
             Mangled by an orc warrior
             ... wielding a +0 trident
              (17 damage)
             ... on level 4 of the Orcish Mines.
             The game lasted 03:13:08 (22032 turns).

Kusio the Bludgeoner (Ogre Berserker)              Turns: 22032, Time: 03:13:08

Health: -7/175     AC:  6    Str: 30    XL:     15   Next: 41%
Magic:  5/5        EV: 10    Int:  3    God:    Trog [******]
Gold:   2527       SH:  0    Dex: 12    Spells: 0 memorised, 14 levels left

rFire  . . .     SeeInvis .     J - +8 giant club "Miwul" {antimagic, rElec rPois Int-3}
rCold  . . .     Clarity  .     K - +0 troll leather armour
rNeg   + . .     SustAt   .     (no shield)
rPois  +         Gourm    .     (helmet restricted)
rElec  +         Spirit   .     (no cloak)
rCorr  .         Warding  +     (gloves unavailable)
rMut   .         Stasis   .     (boots unavailable)
MR     +....                    O - amulet of warding
Stlth  ++........               C - +4 ring of slaying
                                r - ring "Urasosti" {rElec Dex+2 Slay+2 Stlth+}

@: somewhat resistant to hostile enchantments, unstealthy
A: unfitting armour, tough skin 1
a: Burn Spellbooks, Berserk, Trog's Hand, Brothers in Arms, Renounce Religion


You were on level 4 of the Orcish Mines.
You worshipped Trog.
Trog was exalted by your worship.
You were not hungry.

You visited 4 branches of the dungeon, and saw 26 of its levels.
You also visited: Labyrinth, Ice Cave and Volcano.

You collected 2555 gold pieces.
You spent 28 gold pieces at shops.

Inventory:

Hand weapons
 f - a +4 antimagic flail
 z - a +4 antimagic dire flail
 J - the +8 giant club "Miwul" (weapon) {antimagic, rElec rPois Int-3}
   (Trog gifted it to you on level 3 of the Orcish Mines)

   It disrupts the flow of magical energy around spellcasters and certain
   magical creatures (including the wielder).
   It affects your intelligence (-3).
   It insulates you from electricity.
   It protects you from poison.
 U - a +3 great mace of crushing
 Z - a +0 great mace of holy wrath
Missiles
 d - 5 steel javelins (quivered)
 o - 3 silver javelins
 s - 5 silver tomahawks
 v - 28 tomahawks
 H - 4 poisoned javelins
Armour
 K - a +0 troll leather armour (worn)
Jewellery
 r - the ring "Urasosti" (left hand) {rElec Dex+2 Slay+2 Stlth+}
   (You found it in a labyrinth)

   [ring of stealth]

   It affects your dexterity (+2).
   It affects your accuracy and damage with ranged weapons and melee attacks
   (+2).
   It insulates you from electricity.
   It makes you more stealthy.
 u - an uncursed ring of sustain attributes
 C - a +4 ring of slaying (right hand)
 O - an amulet of warding (around neck)
Magical devices
 b - a wand of heal wounds (2)
 g - a wand of slowing (18)
 A - a wand of digging (5)
 E - a wand of confusion (28)
 V - a wand of disintegration (13)
Scrolls
 a - 4 scrolls of fear
 e - 5 scrolls of fog
 h - a scroll of enchant weapon {unknown}
 j - 10 scrolls of teleportation
 l - 6 scrolls of recharging
 B - a scroll of magic mapping
 F - 2 scrolls of enchant armour
 G - 2 scrolls of blinking
 L - 3 scrolls of remove curse
Potions
 i - 3 potions of might
 k - 3 potions of haste
 m - 7 potions of curing
 p - 3 potions of agility
 q - 5 potions of heal wounds
 t - 3 potions of berserk rage
 x - 4 potions of flight
 D - a potion of resistance
 I - a potion of invisibility
 M - a potion of cancellation
 R - 2 potions of lignification
Comestibles
 c - 12 bread rations
 n - 9 meat rations
 w - 11 beef jerkies
 N - 2 chunks of flesh
 P - 32 fruits


   Skills:
 + Level 17.6 Fighting
 + Level 20.7 Maces & Flails
 + Level 10.8 Throwing
 + Level 9.8 Armour
 - Level 2.6 Dodging


You had 14 spell levels left.
You didn't know any spells.

Dungeon Overview and Level Annotations

Branches:
Dungeon (13/15)            Temple (1/1) D:5            Lair (8/8) D:11
 Shoals (0/4) Lair:5        Snake (0/4) Lair:3        Slime (0/6) Lair:7
    Orc (4/4) D:9
    Elf: Orc:3-4     Vaults: D:13-14

Altars:
Ashenzari
Elyvilon
Gozag
Okawaru
Qazlal
Sif Muna
Trog
Vehumet
Xom
Yredelemnul
Zin
Beogh
Jiyva

Shops:
Orc:1 =   Orc:2 (   Orc:4 (%}


Innate Abilities, Weirdness & Mutations

You are too large for most types of armour.
You have tough skin (AC +1).


Message History

You throw a steel javelin.
The steel javelin misses the orc knight.
The steel javelin completely misses the orc warrior.
The orc warrior hits you from afar with a trident.
* * * LOW HITPOINT WARNING * * *
Evoke which item? (* to show all) (? for menu, Esc to quit)
Zapping:
V - a wand of disintegration {zapped: 3} (will waste charges)
Press: ? - help, Shift-Dir - straight line, f/p - orc knight
Aim: an orc knight, wielding an arbalest (almost dead, chance to defeat MR: 48%)
The orc knight resists with some effort.
Evoking this partially-identified wand wasted a few charges.
The orc knight roars a battlecry!
The orc warrior goes into a battle-frenzy!
The orc knight shoots a bolt.
The bolt hits you!
* * * LOW HITPOINT WARNING * * *
An orc comes into view. It is wielding a trident.
The orc knight shoots a bolt.
The bolt hits you!
* * * LOW HITPOINT WARNING * * *
The orc warrior hits you from afar with a trident!
You die...

.............##..##..##...#
............##..........≈≈#
............#..........≈≈≈#
........).............≈≈≈≈#
........)....#......≈≈≈≈# #
........).)..#.....≈≈≈≈####...#
....................(o..).()o.(
.............)..)(o).o)o(...∩o.
..........^..#..@..≈≈≈≈####...#
...........(.#).)...≈≈≈≈# ∩##
......^..#.)))).......≈≈≈≈#
..........()(#..........≈≈≈
.).........((##..........≈≈#
.).......#..((##..##..##...#
.)).((.....................
........................
#.....#.........#....###


You could see an orc knight, 2 orc warriors and an orc (frenzied).

Vanquished Creatures
  Rupert (Lair:6)
  Kirke (D:13)
  Snorg (Lair:5)
  A minotaur (Lab)
  Josephine (D:13)
  A hydra (Lair:6)
  Harold (Lair:1)
  6 death yaks
  The ghost of Lysie the Cleaver, an experienced MiFi of Okawaru (D:8)
  An ice statue (IceCv)
  7 hill giants
  A manticore (D:11)
  An ugly thing (D:12)
  A cyclops (D:11)
  An orc sorcerer (Volcano)
  3 griffons
  An oklob plant (Lair:4)
  3 centaur zombies
  7 elephants
  Maurice (D:10)
  Joseph (Lair:1)
  9 black mambas
  A gargoyle (D:10)
  27 spiny frogs
  3 centaur skeletons
  4 komodo dragons
  A fire drake (Lair:6)
  A giant leech (Lair:8)
  5 trolls
  3 two-headed ogres
  12 blink frogs
  Sigmund (D:4)
  2 shadows (Lab)
  4 wraiths (D:13)
  A deep elf mage (D:12)
  A warg (Lair:2)
  42 yaks
  13 hippogriffs
  2 hogs (D:13)
  5 hungry ghosts (Lab)
  A wyvern (D:11)
  6 basilisks
  Menkaure (D:4)
  3 nagas (Lair:3)
  8 vampire mosquitoes (Lair:8)
  31 wolves
  A mottled dragon (D:11)
  15 water moccasins
  26 orc warriors
  11 porcupines
  2 black bears
  16 ice beasts
  A swamp drake (D:9)
  6 sky beasts
  2 phantoms (D:8)
  6 centaurs
  A necrophage (D:12)
  16 ogres
  The ghost of DecibelRebel the Bolt Thrower, an average KoHu (D:3)
  11 crocodiles
  5 big kobolds
  An earth elemental (Lab)
  25 giant frogs
  3 scorpions
  21 killer bees
  4 electric eels
  5 wights (D:9)
  2 spriggan skeletons (Lab)
  The ghost of DecibelRebel the Slasher, a weakling HEWr (D:4)
  A quasit (D:8)
  A lava snake (Lair:4)
  2 giant frog zombies
  2 crimson imps
  Jessica (D:3)
  9 hounds
  10 iguanas
  18 orc priests
  6 worker ants
  Natasha (D:2)
  14 orc wizards
  A killer bee zombie (D:7)
  20 sheep
  2 hound zombies
  2 hound skeletons
  A gnoll (D:10)
  45 river rats
  A shadow imp (D:9)
  12 adders
  3 oozes
  An adder skeleton (D:4)
  2 adder zombies (D:9)
  3 worms
  3 giant geckos
  148 orcs
  3 ball pythons
  7 bats
  3 giant cockroaches
  8 goblins
  6 hobgoblins
  10 jackals
  25 kobolds
  3 quokkas (D:9)
  5 giant newts
  A quokka zombie (D:6)
  7 rats
  A butterfly (Lair:2)
  3 fungi
  25 plants
827 creatures vanquished.

Vanquished Creatures (collateral kills)
  An ice statue (IceCv)
  A spiny frog (Lair:8)
  3 yaks (D:11)
  2 hippogriffs
  2 humans (D:12)
  2 vampire mosquitoes (Lair:8)
  4 orc warriors (Orc:4)
  3 centaurs (Orc:4)
  8 killer bees (D:12)
  A giant frog zombie (D:11)
  3 orcs (Orc:4)
30 creatures vanquished.

Vanquished Creatures (others)
  3 humans (D:13)
  A yak (D:13)
  An orc wizard (D:3)
  An orc (D:9)
  13 fungi
  6 plants
25 creatures vanquished.

Grand Total: 882 creatures vanquished

Notes
Turn   | Place    | Note
--------------------------------------------------------------
     0 | D:1      | Kusio the Ogre Berserker began the quest for the Orb.
     0 | D:1      | Reached XP level 1. HP: 24/24 MP: 1/1
   142 | D:1      | Reached XP level 2. HP: 27/33 MP: 2/2
   518 | D:2      | Reached skill level 1 in Throwing
   567 | D:2      | Reached XP level 3. HP: 25/40 MP: 3/3
  1135 | D:2      | Acquired Trog's second power
  1201 | D:2      | Noticed Natasha
  1210 | D:2      | Killed Natasha
  1210 | D:2      | Reached skill level 5 in Fighting
  1210 | D:2      | Reached XP level 4. HP: 50/50 MP: 4/4
  1400 | D:3      | Noticed Jessica
  1407 | D:3      | Killed Jessica
  1407 | D:3      | Reached skill level 5 in Maces & Flails
  1574 | D:3      | Noticed DecibelRebel's ghost (average KoHu)
  1592 | D:3      | Killed DecibelRebel's ghost
  1592 | D:3      | Reached XP level 5. HP: 59/59 MP: 5/5
  1744 | D:3      | Reached skill level 6 in Fighting
  1904 | D:3      | Reached XP level 6. HP: 61/67 MP: 6/6
  1909 | D:3      | Found a deep blue altar of Sif Muna.
  2328 | D:4      | Noticed Sigmund
  2427 | D:4      | Killed Sigmund
  2427 | D:4      | Reached skill level 7 in Fighting
  2427 | D:4      | Reached XP level 7. HP: 78/78 MP: 7/7
  2490 | D:4      | Noticed Menkaure
  2501 | D:4      | Killed Menkaure
  2742 | D:4      | Noticed DecibelRebel's ghost (weakling HEWr)
  2790 | D:4      | Killed DecibelRebel's ghost
  2823 | D:5      | Entered Level 5 of the Dungeon
  2930 | D:5      | Reached skill level 8 in Fighting
  3230 | D:5      | Reached XP level 8. HP: 88/88 MP: 8/8
  3267 | D:5      | Received a gift from Trog
  3427 | D:5      | Found a staircase to the Ecumenical Temple.
  3448 | D:5      | Reached skill level 9 in Maces & Flails
  3601 | Temple   | Entered the Ecumenical Temple
  3899 | D:5      | Found a shattered altar of Ashenzari.
  3928 | D:5      | Reached skill level 10 in Maces & Flails
  3941 | D:5      | Found a stormy altar of Qazlal.
  3941 | D:5      | Found a radiant altar of Vehumet.
  3941 | D:5      | Found a glowing silver altar of Zin.
  3951 | D:5      | Found a shimmering altar of Xom.
  3951 | D:5      | Found a bloodstained altar of Trog.
  4669 | D:6      | Reached skill level 11 in Maces & Flails
  5003 | D:7      | Reached skill level 12 in Maces & Flails
  5003 | D:7      | Reached XP level 9. HP: 57/96 MP: 9/9
  5102 | D:7      | Reached skill level 1 in Armour
  5311 | D:8      | Noticed Lysie's ghost (experienced MiFi)
  5320 | D:8      | Killed Lysie's ghost
  5320 | D:8      | Reached skill level 13 in Maces & Flails
  5352 | D:8      | Found a bloodstained altar of Trog.
  5668 | D:8      | Acquired Trog's third power
  5696 | D:8      | Reached skill level 14 in Maces & Flails
  5873 | D:8      | Reached XP level 10. HP: 100/104 MP: 10/10
  6394 | D:10     | Entered Level 10 of the Dungeon
  6411 | D:10     | HP: 6/156 [poisoned by a killer bee]
  6412 | D:10     | HP: 1/104 [poisoned by a killer bee]
  6626 | D:10     | Reached skill level 15 in Maces & Flails
  7402 | D:10     | Noticed Maurice
  7414 | D:10     | Killed Maurice
  7483 | D:10     | Reached skill level 5 in Throwing
  7565 | D:10     | Reached skill level 16 in Maces & Flails
  7650 | D:10     | Noticed a hill giant
  7658 | D:10     | Killed a hill giant
  7658 | D:10     | Reached XP level 11. HP: 102/115 MP: 11/11
  8031 | D:9      | Found a staircase to the Orcish Mines.
  8289 | D:11     | Received a gift from Trog
  8581 | D:11     | Found a staircase to the Lair.
  8582 | D:11     | Noticed a death yak
  8582 | D:11     | Noticed a hill giant
  8592 | D:11     | Reached skill level 17 in Maces & Flails
  8600 | D:11     | Killed a hill giant
  8600 | D:11     | Reached skill level 10 in Fighting
  8607 | D:11     | Killed a death yak
  8711 | D:11     | Noticed a hill giant
  8716 | D:11     | Killed a hill giant
  8958 | D:11     | Noticed a hill giant
  8962 | D:11     | Killed a hill giant
  9149 | D:11     | Noticed a hill giant
  9158 | D:11     | Killed a hill giant
  9158 | D:11     | Reached XP level 12. HP: 72/128 MP: 12/12
  9413 | D:12     | Found an iron altar of Okawaru.
  9419 | D:12     | Reached skill level 18 in Maces & Flails
 10114 | D:13     | Noticed Kirke
 10129 | D:13     | Noticed Josephine
 10135 | D:13     | Killed Kirke
 10197 | D:13     | Killed Josephine
 10257 | D:12     | Reached skill level 19 in Maces & Flails
 10364 | Lair:1   | Entered Level 1 of the Lair of Beasts
 10387 | Lair:1   | Received a gift from Trog
 10740 | Lair:1   | Noticed Joseph
 10743 | Lair:1   | Killed Joseph
 10855 | Lair:1   | Noticed Harold
 10862 | Lair:1   | Killed Harold
 11449 | Lair:2   | Reached XP level 13. HP: 131/141 MP: 13/13
 11473 | Lair:2   | Received a gift from Trog
 11816 | Lair:2   | Reached skill level 10 in Throwing
 11891 | Lair:2   | Reached skill level 20 in Maces & Flails
 12246 | Lair:3   | Found a staircase to the Snake Pit.
 13506 | Lair:4   | Received a gift from Trog
 13516 | Lair:4   | HP: 4/144 [acid (8)]
 13603 | Lair:4   | Found a labyrinth entrance.
 13609 | Lab      | Entered a labyrinth
 14345 | Lab      | Found an exit through the horrors of the Abyss.
 14468 | Lab      | Noticed a minotaur
 14471 | Lab      | Killed a minotaur
 14471 | Lab      | Reached skill level 5 in Armour
 14481 | Lab      | Identified the Papyrus of Boosts
 14481 | Lab      | Got a clouded lapis lazuli ring
 15192 | Lair:5   | Noticed Snorg
 15199 | Lair:5   | Killed Snorg
 15199 | Lair:5   | Reached XP level 14. HP: 156/156 MP: 14/14
 15266 | Lair:5   | Found a staircase to the Shoals.
 15268 | Lair:5   | Identified the ring "Urasosti" {rElec Dex+2 Slay+2 Stlth+} (You found it in a labyrinth)
 16219 | Lair:6   | Noticed Rupert
 16235 | Lair:6   | Killed Rupert
 16341 | Lair:6   | Received a gift from Trog
 16352 | Lair:6   | Reached skill level 15 in Fighting
 16457 | Lair:6   | Found a dark tunnel.
 16490 | Volcano  | Entered a volcano
 16604 | Volcano  | Received a gift from Trog
 17640 | Lair:7   | Received a gift from Trog
 18104 | Lair:7   | Found a staircase to the Slime Pits.
 18105 | Lair:7   | Found a viscous altar of Jiyva.
 18473 | Lair:8   | Entered Level 8 of the Lair of Beasts
 18544 | Lair:8   | Received a gift from Trog
 18592 | Lair:8   | Found a frozen archway.
 18615 | Lair:8   | Received a gift from Trog
 18659 | IceCv    | Entered an ice cave
 18708 | IceCv    | Reached XP level 15. HP: 61/172 MP: 15/15
 20171 | Orc:1    | Entered Level 1 of the Orcish Mines
 20171 | Orc:1    | Found Quaff's Jewellery Boutique.
 20188 | Orc:1    | Received a gift from Trog
 20219 | Orc:1    | Bought a cursed amulet of inaccuracy for 28 gold pieces
 20362 | Orc:1    | Found a roughly hewn altar of Beogh.
 20816 | Orc:2    | Found Waegoc Mael's Antique Weapon Shop.
 21364 | Orc:3    | Received a gift from Trog
 21395 | Orc:3    | Received a gift from Trog
 21399 | Orc:3    | Got a steaming giant club {god gift}
 21400 | Orc:3    | Identified the +8 giant club "Miwul" {antimagic, rElec rPois Int-3} (Trog gifted it to you on level 3 of the Orcish Mines)
 21649 | Orc:4    | Entered Level 4 of the Orcish Mines
 21680 | Orc:4    | Found a roughly hewn altar of Beogh.
 22011 | Orc:4    | Found Caumed's Weapon Emporium.
 22011 | Orc:4    | Found Piddisk's Food Shop.
 22013 | Orc:4    | Found Reetaown's Gadget Boutique.
 22032 | Orc:4    | Mangled by an orc warrior

Vault maps used:
D:1:      dpeg_arrival_pond
D:2:      uniq_natasha
D:3:      tgw_sif, first_bread, uniq_jessica
D:4:      uniq_sigmund, uniq_menkaure
D:5:      minmay_overflow_temple_hex, minmay_temple_entry_statues
D:8:      basic_altar
D:9:      erik_orc_1, grunt_ogre_cave
D:10:     wad_woods_structure_01, uniq_maurice
D:11:     david_lair_generic, minivault_5
D:12:     okawaru_humans
D:13:     minivault_24, uniq_kirke, uniq_frances, uniq_josephine
Temple:   circular_temple_12
Lair:1:   bh_autumn_forest_stairs, uniq_harold, uniq_joseph
Lair:2:   beast_lair_carwin_large_4, guppyfry_lair_drakes, lemuel_fruit_fields
Lair:3:   guppyfry_snake_entry_island, lemuel_fruit_fields
Lair:4:   lab_entry_generic, grunt_forest_large_clearings, grunt_megastairs_3,
          lemuel_fruit_tree, infiniplex_staircase_pool
Lair:5:   elwin_shoals_entry_rocks, serial_bayou_lagoon_b, uniq_snorg
Lair:6:   nicolae_volcano_entry_hallway, uniq_rupert
Lair:7:   slime_altar_1, ldierk_geyser, serial_bayou_shore_a,
          serial_bayou_shore_b
Lair:8:   minmay_lair_end_frog_pond, portal_ice_cave_entry_ice_beasts,
          st_stairs_3
Orc:1:    basic_altar, serial_shops, shop
Orc:2:    serial_shops, shop_fountains
Orc:3:    nicolae_orc_pool_cavern, nicolae_orc_lava_room, uniq_sonja, uniq_urug
Orc:4:    st_orc_rangers, basic_altar
Lab:      labyrinth_glass_1, nicolae_lab_diamond, nicolae_lab_checkerboard,
          nicolae_lab_dead_end, nicolae_lab_statue, nicolae_lab_swirl,
          lab_block, nicolae_lab_flowing_pool, labyrinth_lava_lair,
          nicolae_lab_hexagon, labyrinth_baited_teleportation_trap
IceCv:    ice_cave_statue_garden_01
Volcano:  volcano_pools

Action                   |  1- 3 |  4- 6 |  7- 9 | 10-12 | 13-15 || total
-------------------------+-------+-------+-------+-------+-------++-------
Melee: Mace              |    54 |       |       |       |       ||    54
       Flail             |    25 |   104 |    25 |       |   148 ||   302
       Giant club        |       |       |   200 |   587 |    65 ||   852
       Giant spiked club |       |       |       |    54 |    22 ||    76
       Great mace        |       |       |       |       |   742 ||   742
Throw: Stone             |    28 |    26 |     7 |       |       ||    61
       Tomahawk          |       |       |    19 |    46 |     1 ||    66
       Large rock        |       |       |       |    27 |    21 ||    48
       Throwing net      |       |       |       |     3 |       ||     3
       Javelin           |       |       |       |       |    12 ||    12
Invok: Berserk           |     1 |     3 |     4 |     3 |     1 ||    12
       Trog's Hand       |       |       |     1 |       |       ||     1
       Brothers in Arms  |       |       |       |     2 |     4 ||     6
       Burn Spellbooks   |       |       |       |     2 |     2 ||     4
Evoke: Wand              |       |       |       |     3 |     6 ||     9
       Deck              |       |       |       |       |     1 ||     1
  Use: Scroll            |       |       |    13 |    12 |    12 ||    37
       Potion            |       |       |       |    13 |     6 ||    19
 Stab: Sleeping          |       |     1 |       |       |     8 ||     9
  Eat: Chunk             |     1 |     7 |    14 |    19 |    34 ||    75
       Pizza             |       |       |     1 |     1 |     1 ||     3
       Beef jerky        |       |       |       |     1 |       ||     1
       Bread ration      |       |       |       |     1 |     2 ||     3
       Royal jelly       |       |       |       |       |     1 ||     1
